 Dungeon Crawl Stone Soup version 0.20-a0-760-g49f5558 (webtiles) character file.

39 polly the Gusty (level 3, -1/21 HPs)
             Began as an Octopode Air Elementalist on Feb 26, 2017.
             Slain by a worm (9 damage)
             ... on level 2 of the Dungeon.
             The game lasted 00:03:35 (1492 turns).

polly the Gusty (Octopode Air Elementalist)         Turns: 1492, Time: 00:03:36

Health: -1/21      AC:  1    Str:  7    XL:     3   Next: 45%
Magic:  0/6        EV: 13    Int: 18    God:
Gold:   30         SH:  0    Dex: 12    Spells: 5/6 levels left

rFire    . . .     SeeInvis .   (no weapon)
rCold    . . .     Gourm    .   (no shield)
rNeg     . . .     Faith    .   (helmet restricted)
rPois    .         Spirit   .   (no amulet)
rElec    .         Reflect  .   (no ring)
rCorr    .         Harm     .   (no ring)
MR       .....                  (no ring)
Stlth    +++.......             (no ring)
Regen    0.1/turn               (no ring)
MPRegen  0.1/turn               (no ring)
                                (no ring)
                                (no ring)

@: no status effects
A: almost no armour, stealthy swim, amphibious, 8 rings, constrict 8, camouflage
1, gelatinous body 1
a: no special abilities


You were on level 2 of the Dungeon.
You were hungry.

You visited 1 branch of the dungeon, and saw 2 of its levels.

You collected 30 gold pieces.

Inventory:

Scrolls
 c - 3 scrolls of identify {unknown}
 e - a scroll of recharging {unknown}
 h - a scroll of remove curse {unknown}
Potions
 f - 3 potions of agility {unknown}
Books
 a - a book of Air

   Spells                             Type                      Level
   a - Shock                          Conjuration/Air              1
   b - Swiftness                      Charms/Air                   2
   c - Static Discharge               Conjuration/Air              3
   d - Airstrike                      Air                          4
   e - Lightning Bolt                 Conjuration/Air              5
Comestibles
 b - a bread ration
 d - a royal jelly


   Skills:
 + Level 2.2 Dodging
 + Level 2.8 Stealth
 + Level 0.8 Unarmed Combat
 + Level 2.2 Spellcasting
 + Level 1.3 Conjurations
 + Level 3.7 Air Magic


You had 5 spell levels left.
You knew the following spells:

 Your Spells              Type           Power        Failure   Level  Hunger
a - Shock                 Conj/Air       ##..         8%          1    #......


Dungeon Overview and Level Annotations

Branches:
Dungeon (2/15)

Altars:
Qazlal


Innate Abilities, Weirdness & Mutations

You cannot wear most types of armour.
You are very stealthy in the water. (Stealth+)
You are amphibious.
You can wear up to eight rings at the same time.
You can use your tentacles to constrict eight enemies at once.
Your skin changes colour to match your surroundings (Stealth+).
Your rubbery body absorbs attacks. (AC +1, EV +1)


Message History

Aim: a worm (heavily wounded)
The zap hits the worm.
The worm is heavily wounded.
The worm bites you.
You tentacle-slap the worm. You grab the worm.
The worm is severely wounded.
You constrict the worm. The worm misses you.
You release your grip on the worm.
Casting: Shock
Confirm with . or Enter, or press ? or * to list all spells.
Aiming: Shock
Press: ? - help, Shift-Dir - straight line, f/p - worm
Aim: a worm (severely wounded)
The zap hits the worm.
The worm is almost dead.
The worm bites you!
You tentacle-slap the worm. You grab the worm.
The worm is severely wounded.
You constrict the worm. The worm bites you!
You die...

#################
......$...w@....#
###############.#
#.# #.# #.# #.#
#.# #.# #.#


You could see a worm.

Vanquished Creatures
  An ooze (D:2)
  2 worms
  3 giant cockroaches (D:1)
  3 hobgoblins
  4 jackals (D:1)
  A kobold (D:1)
  A ball python (D:2)
  6 bats
  2 frilled lizards (D:1)
  3 goblins
  3 rats (D:1)
29 creatures vanquished.

Notes
Turn   | Place    | Note
-------+----------+-------------------------------------------
     0 | D:1      | polly the Octopode Air Elementalist began the quest for the Orb.
     0 | D:1      | Reached XP level 1. HP: 11/11 MP: 3/3
   218 | D:1      | Reached XP level 2. HP: 13/17 MP: 0/5
  1030 | D:1      | Reached XP level 3. HP: 21/21 MP: 2/6
  1235 | D:2      | Found a stormy altar of Qazlal.
  1492 | D:2      | Slain by a worm

Vault maps used:
D:1:      lemuel_arrival_muddy, serial_forest, infiniplex_forest_lined_2,
          infiniplex_forest_straight_4, infiniplex_forest_lined_4_way,
          infiniplex_forest_straight_2, infiniplex_forest_clump_small,
          infiniplex_forest_straight_5, infiniplex_forest_side_room,
          infiniplex_forest_clump_small, infiniplex_forest_zigzag_1,
          infiniplex_forest_clump_double
D:2:      old_standard_altar

Action                   || total
-------------------------++-------
Melee: Unarmed           ||    36
       Constrict         ||    13
       Tentacles         ||     9
 Cast: Shock             ||    72
 Stab: Sleeping          ||     1
  Eat: Chunk             ||     2
Armor: Skin              ||     9
Dodge: Dodged            ||    34
